 Dungeon Crawl Stone Soup version 0.28.0 (webtiles) character file.

Game seed: 2635647992554807340

10251 danielguo94 the Basher (level 11, -3/67 HPs)
             Began as a Gargoyle Fighter on Feb 7, 2022.
             Was a Believer of the Shining One.
             Killed from afar by a rime drake (14 damage)
             ... with a flash freeze
             ... on level 1 of the Lair of Beasts on Feb 8, 2022.
             The game lasted 00:17:34 (14202 turns).

danielguo94 the Basher (Gargoyle Fighter)          Turns: 14202, Time: 00:17:35

Health: -3/67      AC: 17    Str: 23    XL:     11   Next: 59%
Magic:  14/14      EV: 11    Int:  8    God:    the Shining One [**....]
Gold:   292        SH:  5    Dex: 11    Spells: 10/10 levels left

rFire   . . .      SeeInvis .   a - +0 flail
rCold   . . .      Faith    .   c - +0 buckler
rNeg    + + .      Spirit   .   b - +0 scale mail
rPois   ∞          Reflect  .   (no helmet)
rElec   +          Harm     .   w - +0 cloak
rCorr   .          Rampage  .   (no gloves)
Will    .....                   (no boots)
Stlth   ..........              (no amulet)
HPRegen 0.21/turn               (no ring)
MPRegen 0.14/turn               (no ring)

@: glowing, studying Dodging
A: sickness immunity, AC +8, negative energy resistance 1, electricity
resistance, torment resistance 1, petrification resistance
a: Renounce Religion, Divine Shield


You were on level 1 of the Lair of Beasts.
You worshipped the Shining One.
The Shining One was pleased with you.
You visited 3 branches of the dungeon, and saw 11 of its levels.

You collected 422 gold pieces.
You spent 130 gold pieces at shops.

Inventory:

Hand Weapons
 a - a +0 flail (weapon)
Missiles
 e - 174 stones (quivered)
 m - 21 poisoned darts
 s - 4 atropa-tipped darts
 A - 5 boomerangs of dispersal
 F - 4 javelins
Armour
 b - a +0 scale mail (worn)
 c - a +0 buckler (worn)
 w - a +0 cloak (worn)
Jewellery
 v - the ring "Eqeci" {rF+ MP-9 Str+3}
   (You found it on level 5 of the Dungeon)

   [ring of protection from fire]

   Str:       It affects your strength (+3).
   rF:        It protects you from fire.
   MP:        It affects your magic capacity (-9).
Wands
 p - a wand of paralysis (8)
 y - a wand of iceblast (7)
 B - a wand of polymorph (13)
Scrolls
 k - a scroll of teleportation
 q - a scroll of enchant armour {unknown}
 u - a scroll of holy word {unknown}
 x - 2 scrolls of fog
 z - a scroll of fear {unknown}
 C - a scroll of blinking {unknown}
 D - a scroll of enchant weapon {unknown}
 E - a scroll of immolation {unknown}
Potions
 d - 4 potions of might
 f - 2 potions of brilliance
 g - 2 potions of mutation
 h - 2 potions of attraction
 i - 6 potions of ambrosia
 j - a potion of heal wounds
 l - 4 potions of curing
 n - a potion of resistance
 o - a potion of degeneration {unknown}
 r - a potion of haste {unknown}
 t - a potion of cancellation {unknown}


   Skills:
 + Level 7.5 Fighting
 * Level 13.1 Maces & Flails
 + Level 8.7 Armour
 + Level 4.2 Dodging
 + Level 6.1 Shields
 * Level 4.5 Invocations
 + Level 0.7 Evocations


You had 10 spell levels left.
You didn't know any spells.
Your spell library contained the following spells:

 Spells                   Type           Power      Damage    Failure   Level
 Dazzling Flash           Conj/Hex       0%         N/A       98%         3
 Gell's Gravitas          Tloc           0%         N/A       98%         3
 Lesser Beckoning         Tloc           0%         N/A       98%         3
 Teleport Other           Tloc           0%         N/A       98%         3
 Metabolic Englaciation   Hex/Ice        0%         N/A       100%        5
 Summon Mana Viper        Hex/Summ       0%         N/A       100%        5


Dungeon Overview and Level Annotations

Branches:
Dungeon (9/15)             Temple (1/1) D:7            Lair (1/6) D:8
    Orc: D:9-12

Altars:
Cheibriados
Dithmenos
Elyvilon
Makhleb
Qazlal
Uskayaw
Wu Jian
Yredelemnul
The Shining One

Shops:
D:3 !

Annotations:
D:7 2 transporters


Innate Abilities, Weirdness & Mutations

You are immune to sickness and miasma.
Your stone body is resilient. (AC +8)
You are immune to poison.
You resist negative energy. (rN+)
You are resistant to electric shocks. (rElec)
You are resistant to unholy torment.
You are immune to petrification.


Message History

Joseph closely misses you.
You barely miss Joseph.
Joseph is severely wounded.
The rime drake bites you but does no damage.
Joseph hits you with a +0 quarterstaff.
You barely miss Joseph.
Joseph is severely wounded.
The ice encasing you melts away.
The rime drake bites you but does no damage.
You barely miss Joseph.
Joseph is severely wounded.
Joseph hits you but does no damage.
The rime drake bites you but does no damage.
You sock Joseph!
Joseph is almost dead.
Joseph hits you with a +0 quarterstaff!
* * * LOW HITPOINT WARNING * * *
The rime drake closely misses you.
You sock Joseph!
You kill Joseph!
The rime drake bites you.
* * * LOW HITPOINT WARNING * * *
You sock the rime drake!
The rime drake is heavily wounded.
The rime drake bites you but does no damage.
You hit the rime drake.
The rime drake is heavily wounded.
The rime drake bites you.
* * * LOW HITPOINT WARNING * * *
You barely miss the rime drake.
The rime drake is heavily wounded.
The rime drake closely misses you.
You hit the rime drake but do no damage.
The rime drake is heavily wounded.
The rime drake bites you but does no damage.
You sock the rime drake!
The rime drake is almost dead.
The rime drake breathes ice at you. The flash freeze hits you!
You die...

#.. #...### #...
##....### #...
##.......# ### .....
##...#..#.#####.##
..#..##...###..#........
#.......## ##..........
##.....## ##.........
##....## #.####.###
##..@.# ### ### ##)k..#
##./## ##$. #.. #.. ...
#P##


You could see a rime drake (catching breath).

Vanquished Creatures
  A hydra (D:7)
  A two-headed ogre (D:8)
  A wolf spider (Lair:1)
  Joseph (Lair:1)
  3 elephants (Lair:1)
  Maurice (D:9)
  A cane toad (Lair:1)
  An unseen horror (D:9)
  A queen bee (D:9)
  A wyvern (Lair:1)
  A steam dragon (D:7)
  5 water moccasins
  2 ice beasts
  7 orc warriors
  8 wolves (Lair:1)
  An ogre (D:5)
  4 centaurs
  A phantom (D:5)
  5 bullfrogs
  2 gnoll sergeants
  4 scorpions
  2 water moccasin zombies (D:6)
  A water moccasin skeleton (D:5)
  8 wights
  23 killer bees
  3 centaur skeletons
  A centaur zombie (D:9)
  A jelly (D:6)
  4 hounds
  6 orc priests
  3 gnoll shamans
  Crazy Yiuf (D:6)
  6 orc wizards
  6 iguanas
  A killer bee zombie (D:7)
  4 howler monkey zombies
  9 adders
  29 gnolls
  3 ufetubi
  2 worms (D:3)
  A dart slug (D:1)
  32 orcs
  7 endoplasms
  4 giant cockroaches
  6 goblins
  6 hobgoblins
  2 jackals (D:1)
  6 kobolds
  6 quokkas
  9 ball pythons
  3 bats
  5 frilled lizards
  5 rats
257 creatures vanquished.

Vanquished Creatures (others)
  4 fungi (Lair:1)
  7 plants
11 creatures vanquished.

Grand Total: 268 creatures vanquished

Notes
Turn   | Place    | Note
-------+----------+-------------------------------------------
     0 | D:1      | danielguo94 the Gargoyle Fighter began the quest for the
                  | Orb.
     0 | D:1      | Reached XP level 1. HP: 14/14 MP: 1/1
   283 | D:1      | Reached XP level 2. HP: 19/19 MP: 2/2
   636 | D:1      | Reached XP level 3. HP: 19/23 MP: 3/3
  1341 | D:2      | Reached skill level 3 in Maces & Flails
  1341 | D:2      | Reached XP level 4. HP: 22/28 MP: 4/4
  1840 | D:3      | Found Fyego's Distillery.
  1845 | D:3      | Bought a potion of heal wounds for 50 gold pieces
  2582 | D:3      | Reached XP level 5. HP: 29/33 MP: 5/5
  2741 | D:4      | Reached skill level 4 in Maces & Flails
  2848 | D:4      | Got Onyfrem's Guide on Hexes
  3083 | D:3      | Bought a potion of berserk rage for 50 gold pieces
  3083 | D:3      | Bought a potion of curing for 30 gold pieces
  3283 | D:3      | Reached XP level 6. HP: 16/38 MP: 6/6
  4081 | D:4      | Found a burning altar of Makhleb.
  4139 | D:5      | Entered Level 5 of the Dungeon
  4139 | D:5      | Noticed a water moccasin
  4178 | D:4      | Reached skill level 5 in Maces & Flails
  4274 | D:4      | Reached XP level 7. HP: 43/43 MP: 7/7
  4283 | D:5      | Reached skill level 1 in Dodging
  4390 | D:5      | Reached skill level 6 in Maces & Flails
  4390 | D:5      | Reached skill level 5 in Armour
  4799 | D:5      | Reached XP level 8. HP: 48/48 MP: 8/8
  4816 | D:5      | Reached skill level 7 in Maces & Flails
  4860 | D:5      | Identified the ring "Eqeci" {rF+ MP-9 Str+3}
  5359 | D:6      | Reached skill level 8 in Maces & Flails
  5625 | D:6      | Found a runed translucent door.
  5626 | D:6      | Noticed Crazy Yiuf
  5718 | D:6      | Killed Crazy Yiuf
  6025 | D:6      | Reached skill level 5 in Fighting
  6182 | D:6      | Reached XP level 9. HP: 49/54 MP: 9/9
  6368 | D:6      | Reached skill level 9 in Maces & Flails
  6461 | D:7      | Noticed an eight-headed hydra
  7008 | D:7      | Reached skill level 5 in Shields
  7025 | D:7      | Found a transporter.
  7165 | D:7      | Found a transporter.
  7188 | D:7      | Reached skill level 10 in Maces & Flails
  7771 | D:7      | Found a staircase to the Ecumenical Temple.
  7780 | Temple   | Entered the Ecumenical Temple
  7996 | Temple   | Became a worshipper of the Shining One
  8194 | D:8      | Noticed a two-headed ogre
  8216 | D:8      | Killed a two-headed ogre
  8217 | D:8      | Reached skill level 11 in Maces & Flails
  8217 | D:8      | Reached XP level 10. HP: 57/59 MP: 10/10
  8960 | D:8      | Reached skill level 1 in Invocations
  9007 | D:8      | Reached * piety under the Shining One
  9291 | D:8      | Found a staircase to the Lair.
  9983 | D:7      | Killed an eight-headed hydra
 10298 | D:9      | Noticed an unseen horror
 10318 | D:9      | Killed an unseen horror
 10319 | D:9      | Reached skill level 12 in Maces & Flails
 10754 | D:9      | Noticed Maurice
 11020 | D:9      | Paralysed by something for 7 turns
 11039 | D:9      | Killed Maurice
 11662 | D:8      | Reached XP level 11. HP: 51/66 MP: 13/13
 12726 | Lair:1   | Entered Level 1 of the Lair of Beasts
 12925 | Lair:1   | Noticed a wolf spider
 12925 | Lair:1   | Noticed a wolf spider
 12942 | Lair:1   | HP: 2/67 [wolf spider (11)]
 13567 | Lair:1   | Reached ** piety under the Shining One
 14031 | Lair:1   | Reached skill level 13 in Maces & Flails
 14114 | Lair:1   | Killed a wolf spider
 14179 | Lair:1   | Noticed Joseph
 14197 | Lair:1   | Killed Joseph
 14202 | Lair:1   | Killed from afar by a rime drake

Illustrated notes

Levels and vault maps discovered:
D:1:      matt_arrival_los_fun, layout_basic, wad_floor_pattern_untrapped
D:2:      layout_loops_corners
D:3:      minmay_evil_eye, layout_loops_ring, serial_shops,
          nicolae_shop_hallway_stairs, chequers_serial_rivers_micro_a,
          minmay_misc_feat_rows
D:4:      layout_rooms, mainiacjoe_overflow_tiny_flanked, kennysheep_path_1
D:5:      layout_rooms
D:6:      layout_basic, uniq_crazy_yiuf_cottage
D:7:      gammafunk_cloud_chamber, layout_basic, minmay_temple_entry_poolview,
          serial_curves, eino_curves_01, eino_curves_02, eino_curves_04,
          eino_curves_04, minmay_manual_monstrance
D:8:      layout_loops_corners, lair_entry_dummy, minivault_1
D:9:      layout_cave_pools, special_room [special_room_bee], uniq_maurice
Temple:   mainiacjoe_temple_trianglar_array
Lair:1:   layout_concentric_octagons, nicolae_lair_run_with_the_wolves,
          uniq_joseph

Skill      XL: |  1  2  3  4  5  6  7  8  9 10 11 |
---------------+----------------------------------+-----
Maces & Flails | 3 4 5 6 8 11 12 13 | 13.1
Armour         | 4 5 6 7 8 |  8.7
Shields        | 4 5 6 |  6.1
Fighting       | 4 5 6 7 |  7.5
Dodging        | 1 2 3 4 |  4.2
Invocations    | 3 4 |  4.5
Evocations     | |  0.7

Action                   |  1- 3 |  4- 6 |  7- 9 | 10-12 || total
-------------------------+-------+-------+-------+-------++-------
Melee: Flail             |   119 |   228 |   401 |   581 ||  1329
Evoke: Wand              |       |       |     4 |     7 ||    11
  Use: Scroll            |       |     1 |     4 |     5 ||    10
       Potion            |       |       |       |     4 ||     4
 Stab: Paralysed         |       |       |     6 |       ||     6
Armor: Scale mail        |    61 |   105 |   185 |   407 ||   758
Dodge: Dodged            |    65 |   101 |   181 |   415 ||   762
Block: Buckler           |    31 |    48 |    77 |   165 ||   321
